 Dungeon Crawl Stone Soup version 0.27.1-1-g398f81649c (webtiles) character file.

Game seed: 11845928772858483787

111 Rickety the Sneak (level 4, 0/21 HPs)
             Began as a Spriggan Enchanter on Sept 18, 2021.
             Slain by an orc priest (1 damage)
             ... on level 4 of the Dungeon.
             The game lasted 00:06:22 (4006 turns).

Rickety the Sneak (Spriggan Enchanter)              Turns: 4006, Time: 00:06:22

Health: 0/21       AC:  3    Str:  4    XL:     4   Next: 62%
Magic:  7/9        EV: 17    Int: 16    God:
Gold:   202        SH:  0    Dex: 16    Spells: 3/9 levels left

rFire    . . .     SeeInvis +   a - +1 dagger
rCold    . . .     Faith    .   (shield restricted)
rNeg     . . .     Spirit   .   b - +0 robe
rPois    .         Reflect  .   (helmet restricted)
rElec    .         Harm     .   i - +0 cloak
rCorr    +         Rampage  .   (gloves unavailable)
Will     .....                  (boots unavailable)
Stlth    ++++......             (no amulet)
HPRegen  0.07/turn              g - ring of resist corrosion
MPRegen  0.11/turn              (no ring)

@: very quick
A: very small, no large weapons, unfitting armour, see invisible, speed 3
a: no special abilities


You were on level 4 of the Dungeon.
You visited 1 branch of the dungeon, and saw 4 of its levels.

You collected 202 gold pieces.

Inventory:

Hand Weapons
 a - a +1 dagger (weapon)
Missiles
 n - 3 poisoned darts
Armour
 b - a +0 robe (worn)
 i - a +0 cloak (worn)
Magical Staves
 d - a staff of fire
Jewellery
 g - a ring of resist corrosion (left hand)
Scrolls
 c - 4 scrolls of identify {unknown}
 e - 5 scrolls of teleportation {unknown}
 f - a scroll of immolation {unknown}
 h - a scroll of enchant weapon {unknown}
 m - a scroll of magic mapping {unknown}
 o - a scroll of enchant armour {unknown}
Potions
 j - a potion of heal wounds {unknown}
 k - a potion of might {unknown}
 l - a potion of attraction {unknown}


   Skills:
 + Level 2.0 Short Blades
 + Level 3.0 Dodging
 * Level 7.0 Stealth
 + Level 3.1 Spellcasting
 + Level 4.1 Hexes


You had 3 spell levels left.
You knew the following spells:

 Your Spells              Type           Power      Damage    Failure   Level
a - Corona                Hex            16%        N/A       3%          1
b - Ensorcelled Hibernat  Hex/Ice        18%        N/A       12%         2
c - Confusing Touch       Hex            15%        N/A       10%         3

Your spell library contained the following spells:

 Spells                   Type           Power      Damage    Failure   Level
 Tukima's Dance           Hex            15%        N/A       10%         3
 Sting                    Tmut/Pois      8%         1d3       19%         1
 Dazzling Flash           Conj/Hex       18%        N/A       24%         3
 Poisonous Vapours        Pois/Air       4%         N/A       28%         2
 Frozen Ramparts          Ice            4%         1d2       50%         3
 Ice Form                 Ice/Tmut       2%         N/A       88%         4
 Olgreb's Toxic Radiance  Pois           2%         N/A       88%         4
 Summon Ice Beast         Ice/Summ       2%         N/A       88%         4


Dungeon Overview and Level Annotations

Branches:
Dungeon (4/15)
 Temple: D:4-7

Altars:


Innate Abilities, Weirdness & Mutations

You are very small and have problems with some larger weapons.
You are too small for most types of armour.
You have supernaturally acute eyesight. (SInv)
You cover ground extremely quickly. (Speed+++)


Message History

There is a stone staircase leading up here.
You climb upwards.
There is a stone staircase leading down here.
You start resting.
Magic restored.
You start resting.
HP restored.
Casting: Confusing Touch (extremely dangerous; 10% risk of failure)
Confirm with . or Enter, or press ? or * to list all spells.
The spell is extremely dangerous to cast (10% risk of failure)!
Continue anyway?
You miscast Confusing Touch.
You are very lightly contaminated with residual magic.
Nothing appears to happen.
You climb downwards.
The orc hits you with a +0 hand axe. x2
There is a stone staircase leading up, spattered with blood here.
Things that are here:
5 stones; a +0 dagger; a kobold skeleton You completely miss the orc priest.
The orc priest hits you with a +0 club.
You closely miss the orc priest. The orc misses you.
The orc priest barely misses you.
You closely miss the orc priest. The orc hits you with a +0 hand axe.
* * * LOW HITPOINT WARNING * * *
The orc priest closely misses you.
You hit the orc priest but do no damage.
The orc barely misses you.
The orc priest looks braver for a moment.
You hit the orc priest.
The orc priest is lightly wounded.
The orc hits you but does no damage. The orc priest barely misses you.
Your magical contamination has completely faded away.
You hit the orc priest.
The orc priest is moderately wounded.
The orc closely misses you. The orc priest hits you with a +0 club.
* * * LOW HITPOINT WARNING * * *
You hit the orc priest.
The orc priest is heavily wounded.
The orc hits you with a +0 hand axe.
* * * LOW HITPOINT WARNING * * *
The orc priest hits you with a +0 club.
You die...

.######S......
............. #...#.....# .
+........# .. #........###
... #.#........ ....
#...#+#.##. ......
+o.......#.
......######@).#......
#>.....o.......#
.###.##.#.........#
......#.#.........#
......#.#.))......#
..####.....................
# ####.#................
#.......#.###......#
#.......#.###......###


You could see an orc priest and an orc.

Vanquished Creatures
  A hound (D:3)
  2 adders
  A worm (D:3)
  2 dart slugs (D:2)
  2 orcs (D:4)
  4 ball pythons
  6 endoplasms
  5 goblins
  5 hobgoblins
  2 quokkas (D:4)
  6 bats
  7 frilled lizards
  7 kobolds
  7 rats
57 creatures vanquished.

Vanquished Creatures (others)
  A demonic plant (D:2)
1 creature vanquished.

Grand Total: 58 creatures vanquished

Notes
Turn   | Place    | Note
-------+----------+-------------------------------------------
     0 | D:1      | Rickety the Spriggan Enchanter began the quest for the Orb.
     0 | D:1      | Reached XP level 1. HP: 9/9 MP: 5/5
   458 | D:1      | Reached skill level 5 in Stealth
   615 | D:1      | Reached XP level 2. HP: 13/13 MP: 3/6
   618 | D:1      | Learned a level 2 spell: Ensorcelled Hibernation
  1572 | D:2      | Reached XP level 3. HP: 14/16 MP: 2/8
  1576 | D:2      | Learned a level 3 spell: Confusing Touch
  1778 | D:2      | Reached skill level 6 in Stealth
  2401 | D:2      | Found a faded altar of an unknown god.
  2401 | D:2      | Noticed a shadow demon
  3471 | D:3      | Reached XP level 4. HP: 10/21 MP: 0/9
  3879 | D:4      | Reached skill level 7 in Stealth
  4006 | D:4      | HP: 1/21 [orc (4)]
  4006 | D:4      | Slain by an orc priest

Illustrated notes

Levels and vault maps discovered:
D:1:      amcnicky_arrival_flooded_fountain, layout_basic, chequers_mini_garden
D:2:      layout_basic, dreamdust_ecumenical_altar_sealed_demon,
          kennysheep_generic_room_13
D:3:      layout_rooms
D:4:      mumra_celtic_spiral_tile, layout_basic, minmay_temple_entry_poolview,
          uniq_grinder

Skill      XL: |  1  2  3  4 |
---------------+-------------+-----
Stealth        | 5 6 7 |  7.0
Hexes          | 4 |  4.1
Dodging        | 3 |  3.0
Short Blades   | 2 |  2.0
Spellcasting   | 3 |  3.1

Action                   |  1- 3 |  4- 6 || total
-------------------------+-------+-------++-------
Melee: Dagger            |   129 |    26 ||   155
 Cast: Corona            |     6 |       ||     6
       Ensorcelled Hiber |    31 |     8 ||    39
       Confusing Touch   |       |     1 ||     1
 Stab: Sleeping          |    27 |     9 ||    36
       Confused          |       |     1 ||     1
Armor: Robe              |    27 |     3 ||    30
Dodge: Dodged            |   120 |    15 ||   135
